 Dungeon Crawl Stone Soup version 0.29.1 (webtiles) character file.

Game seed: 18376248251251723080

72 groovy9 the Ruffian (level 4, -7/44 HPs)
             Began as a Troll Fighter on Sept 12, 2022.
             Mangled by Crazy Yiuf
             ... wielding a +4 quarterstaff of chaos
              (12 damage)
             ... on level 2 of the Dungeon.
             The game lasted 00:04:30 (1427 turns).

groovy9 the Ruffian (Troll Fighter)                 Turns: 1427, Time: 00:04:30

Health: -7/44      AC:  4    Str: 24    XL:     4   Next: 7%
Magic:  3/3        EV:  8    Int:  6    God:
Gold:   118        SH:  7    Dex:  9    Spells: 3/3 levels left

rFire   . . .      SeeInvis .     - Unarmed
rCold   . . .      Faith    .   b - +0 kite shield
rNeg    . . .      Spirit   .   a - +0 robe
rPois   .          Reflect  .   (helmet restricted)
rElec   .          Harm     .   (no cloak)
rCorr   .          Rampage  .   (gloves unavailable)
Will    .....                   (boots unavailable)
Stlth   +.........              (no amulet)
HPRegen 0.94/turn               (no ring)
MPRegen 0.08/turn               (no ring)

@: no status effects
A: large, unfitting armour, claws 3, regeneration 1, shaggy fur 1, tough skin 1
a: no special abilities


You were on level 2 of the Dungeon.
You visited 1 branch of the dungeon, and saw 2 of its levels.

You collected 118 gold pieces.

Inventory:

Missiles
 g - 5 poisoned darts (quivered)
Armour
 a - a +0 robe (worn)
 b - a +0 kite shield (worn)
Scrolls
 f - a scroll of butterflies {unknown}
 h - 2 scrolls of identify {unknown}
 i - a scroll of noise {unknown}
 j - a scroll of silence {unknown}
 k - a scroll of teleportation {unknown}
 l - a scroll of enchant weapon {unknown}
Potions
 c - a potion of might
 d - 3 potions of lignification {unknown}
 e - 2 potions of mutation {unknown}
 m - a potion of curing {unknown}
 n - 2 potions of attraction {unknown}


   Skills:
 + Level 2.9 Fighting
 - Level 2.4 Dodging
 + Level 3.2 Shields
 * Level 3.4 Unarmed Combat


You had 3 spell levels left.
You didn't know any spells.
Your spell library contained the following spells:

 Spells                   Type           Power      Damage    Failure   Level
 Gell's Gravitas          Tloc           0%         N/A       98%         3
 Lesser Beckoning         Tloc           0%         N/A       98%         3
 Teleport Other           Tloc           0%         N/A       98%         3


Dungeon Overview and Level Annotations

Branches:
Dungeon (2/15)

Altars:

Shops:
D:2 [(?[(

Annotations:
D:2 Crazy Yiuf


Innate Abilities, Weirdness & Mutations

You are too large for most types of armour.
You have claws for hands.
Your natural rate of healing is unusually fast.
You are covered in fur. (AC +1)
You have tough skin. (AC +1)


Message History

Aim: Crazy Yiuf, wielding a +4 quarterstaff of chaos and wearing a +0 cloak (fire blocked by a runed translucent door, about 37% to evade your claws)
You can't get through.
Okay, then.
You open the door. You claw Crazy Yiuf!
Crazy Yiuf is heavily wounded.
You block Crazy Yiuf's attack.
You scratch Crazy Yiuf.
Crazy Yiuf is heavily wounded.
Crazy Yiuf hits you with a +4 quarterstaff of chaos.
You block Crazy Yiuf's attack.
You scratch Crazy Yiuf.
Crazy Yiuf is severely wounded.
Crazy Yiuf says, "Gum!
Lay shrimp verde."
Crazy Yiuf hits you with a +4 quarterstaff of chaos!!
Crazy Yiuf freezes you.
You are too injured to fight recklessly!
You are too injured to fight recklessly!
You are too injured to fight recklessly!
You are too injured to fight recklessly!
You are too injured to fight recklessly!
You are too injured to fight recklessly!
You are too injured to fight recklessly!
You barely miss Crazy Yiuf.
Crazy Yiuf is severely wounded.
Crazy Yiuf closely misses you.
You closely miss Crazy Yiuf.
Crazy Yiuf is severely wounded.
Crazy Yiuf barely misses you.
You barely miss Crazy Yiuf.
Crazy Yiuf is severely wounded.
Crazy Yiuf screams, "Fire!
Blight tired canine."
Crazy Yiuf hits you with a +4 quarterstaff of chaos!
* * * LOW HITPOINT WARNING * * *
Crazy Yiuf freezes you.
* * * LOW HITPOINT WARNING * * *
You barely miss Crazy Yiuf.
Crazy Yiuf is severely wounded.
Crazy Yiuf hits you with a +4 quarterstaff of chaos!
You die...

........#.# #.# #.
.....####.# #.
..##......# #. #.
.#######..## ##### #.
#. ..#........# #..)#
#. #. #.#.######.#
#...# #.# #. #.#.# ###
... #.# #. ..#.# #g#
#.# #. ###.# ♣♣@♣
#.######## .##.# ♣.♣♣
#......... .##.# ♣♣.♣
#..######. .##.# ####
♣.♣♣ #..# #.
.##.#####..# ♣♣.♣♣
###..# ## ..†........#
♣...♣♣ #....#
######.##..# ♣....♣
#.#.## #.##..# #....#
#.#.### ####
#.##..###....####.+..>#


You could see Crazy Yiuf.

Vanquished Creatures
  2 adders (D:2)
  2 worms (D:2)
  6 ball pythons
  3 endoplasms (D:1)
  3 giant cockroaches (D:1)
  2 goblins (D:1)
  8 hobgoblins
  4 jackals (D:1)
  3 quokkas (D:1)
  4 bats
  3 kobolds
  4 rats
44 creatures vanquished.

Notes
Turn   | Place    | Note
-------+----------+-------------------------------------------
     0 | D:1      | groovy9 the Troll Fighter began the quest for the Orb.
     0 | D:1      | Reached XP level 1. HP: 22/22 MP: 0/0
   148 | D:1      | Found a faded altar of an unknown god.
   179 | D:1      | Reached XP level 2. HP: 29/29 MP: 1/1
   468 | D:1      | Reached XP level 3. HP: 36/36 MP: 2/2
   765 | D:2      | Found Meahonn's Magic Scroll Emporium.
  1040 | D:2      | Found Daolerche's Weapon Emporium.
  1058 | D:2      | Reached XP level 4. HP: 44/44 MP: 3/3
  1079 | D:2      | Found Dounahof's Armour Shop.
  1151 | D:2      | Found Gatzuw's Weapon Shop.
  1222 | D:2      | Found Ucohyoc's Antique Armour Boutique.
  1416 | D:2      | Found a runed translucent door.
  1417 | D:2      | Noticed Crazy Yiuf
  1427 | D:2      | Mangled by Crazy Yiuf

Illustrated notes

Levels and vault maps discovered:
D:1:      dpeg_arrival_chambers_temple_mockup, layout_loops_ring,
          basic_ecumenical_altar, minmay_tetromino_s4
D:2:      layout_basic, serial_shops, nicolae_shop_waterfront,
          nicolae_shop_bloodbath_and_beyond, nicolae_shop_stone,
          nicolae_lakefront_shop, shop, roderic_lattice_a, minmay_door_square,
          grunt_ministairs_2, uniq_crazy_yiuf_cottage

Skill      XL: |  1  2  3 |
---------------+----------+-----
Shields        | 3 |  3.2
Unarmed Combat | 3 |  3.4
Fighting       | |  2.9
Dodging        | |  2.4

Action                   |  1- 3 |  4- 6 || total
-------------------------+-------+-------++-------
Melee: Unarmed           |   100 |    21 ||   121
 Stab: Sleeping          |     2 |       ||     2
Armor: Robe              |    35 |     6 ||    41
Dodge: Dodged            |    27 |    10 ||    37
Block: Kite shield       |    26 |     6 ||    32
